 Dungeon Crawl Stone Soup version 0.24.0-125-gc4c63601f3 (webtiles) character file.

Game seed: 1731864882139503817, levelgen mode: deterministic

6672 MegaHamster the Basher (level 10, -7/79 HPs)
             Began as a Demonspawn Chaos Knight on Mar 13, 2020.
             Was a Plaything of Xom.
             Mangled by a black mamba (14 damage)
             ... summoned by Xom
             ... on level 2 of the Lair of Beasts.
             The game lasted 01:02:45 (9809 turns).

MegaHamster the Basher (Demonspawn Chaos Knight)    Turns: 9809, Time: 01:02:45

Health: -7/79      AC: 11    Str: 16    XL:     10   Next: 73%
Magic:  0/10       EV: 14    Int: 12    God:    Xom [...*..]
Gold:   102        SH:  0    Dex: 14    Spells: 7/9 levels left

rFire    + . .     SeeInvis .   a - +0 mace (chaos)
rCold    . . .     Gourm    .   (no shield)
rNeg     + + .     Faith    .   n - +1 ring mail {rF+}
rPois    .         Spirit   +   (helmet restricted)
rElec    .         Reflect  .   F - +2 cloak {MR+}
rCorr    .         Harm     .   (gloves unavailable)
MR       +....     NoTele   +   (no boots)
Stlth    ++........             u - amulet of Idealism {Spirit -Tele rN++ Dex+2}
HPRegen  0.23/turn              k - ring of wizardry
MPRegen  0.12/turn              (no ring)

@: no status effects
A: claws 3, horns 1, blurry vision 1, demonic guardian 1, dopey 1, screaming 1,
spiny 2
a: Renounce Religion


You were on level 2 of the Lair of Beasts.
You worshipped Xom.
You were a favourite toy of Xom.
You were not hungry.

You visited 3 branches of the dungeon, and saw 13 of its levels.

You collected 536 gold pieces.
You spent 434 gold pieces at shops.

Inventory:

Hand Weapons
 a - a +0 mace of chaos (weapon)
 d - a +0 hunting sling
 p - a +3 flail
 s - a +5 flail of protection
 D - a +5 shortbow
 L - a +0 quarterstaff of freezing
Missiles
 E - 17 arrows
Armour
 b - a +2 leather armour
 h - a +0 helmet
 n - a +1 ring mail of fire resistance (worn)
 q - a +0 pair of gloves
 F - a +2 cloak of magic resistance (worn)
 G - a +1 chain mail of fire resistance
 M - a +2 robe of cold resistance
Jewellery
 g - an uncursed amulet of rage
 k - a ring of wizardry (left claw)
 u - the amulet of Idealism (around neck) {Spirit -Tele rN++ Dex+2}
   (Xom gifted it to you on level 5 of the Dungeon)

   [amulet of guardian spirit]

   It causes incoming damage to be split between your health and magic.
   It affects your dexterity (+2).
   It greatly protects you from negative energy.
   It prevents most forms of teleportation.
 v - the ring of the Queen {AC+2 Dex+4, unknown}
   (Xom gifted it to you on level 6 of the Dungeon)

   [ring of protection]

   It affects your AC (+2).
   It affects your dexterity (+4).
 y - an uncursed ring of fire {unknown}
 B - a +6 amulet of reflection {unknown}
 K - an uncursed ring of ice
Wands
 x - a wand of acid (8)
 C - a wand of polymorph (5)
 N - a wand of flame (21)
Scrolls
 e - 5 scrolls of remove curse {unknown}
 i - 4 scrolls of amnesia {unknown}
 j - 2 scrolls of enchant armour {unknown}
 l - a scroll of noise {unknown}
 m - a scroll of blinking {unknown}
 r - 3 scrolls of teleportation {unknown}
 t - 5 scrolls of identify {unknown}
 J - a scroll of random uselessness {unknown}
Potions
 f - a potion of might
 o - 2 potions of curing
 w - 2 potions of lignification
 z - 2 potions of berserk rage {unknown}
 A - a potion of flight
 I - a potion of heal wounds {unknown}
 O - a potion of agility {unknown}
Comestibles
 c - 8 rations


   Skills:
 + Level 7.2 Fighting
 + Level 9.0 Maces & Flails
 + Level 7.8 Armour
 + Level 6.1 Dodging
 + Level 5.3 Stealth


You had 7 spell levels left.
You knew the following spells:

 Your Spells              Type           Power        Failure   Level  Hunger
a - Poisonous Vapours     Pois/Air       #.....       32%         2    ###....

Your spell library contained the following spells:

 Spells                   Type           Power        Failure   Level  Hunger
 Corona                   Hex            #......      22%         1    ##.....
 Infusion                 Chrm           #...         22%         1    ##.....
 Ensorcelled Hibernation  Hex/Ice        #.....       32%         2    ###....
 Shroud of Golubria       Chrm/Tloc      #.....       32%         2    ###....
 Song of Slaying          Chrm           #.......     32%         2    ###....
 Confuse                  Hex            #.......     52%         3    ####...
 Conjure Flame            Conj/Fire      #.......     52%         3    ####...
 Dazzling Spray           Conj/Hex       #.....       52%         3    ####...
 Mephitic Cloud           Conj/Pois/Air  #.......     52%         3    ####...
 Regeneration             Chrm/Necr      #.........   52%         3    ####...
 Spectral Weapon          Hex/Chrm       #.......     52%         3    ####...
 Tukima's Dance           Hex            #.......     52%         3    ####...
 Freezing Cloud           Conj/Ice/Air   #.........   100%        6    #######
 Ring of Flames           Chrm/Fire      #.........   100%        7    #######


Dungeon Overview and Level Annotations

Branches:
Dungeon (10/15)            Temple (1/1) D:5            Lair (1/6) D:9
    Orc: D:9-12

Altars:
Ashenzari
Cheibriados
Dithmenos
Elyvilon
Fedhas
Gozag
Hepliaklqana
Kikubaaqudgha
Nemelex Xobeh
Okawaru
Qazlal
Ru
Sif Muna
Trog
Uskayaw
Vehumet
Wu Jian
Xom
Yredelemnul
Zin
The Shining One

Shops:
D:6 %   D:8 (   D:9 %[[


Innate Abilities, Weirdness & Mutations

You have claws for hands.
You have a pair of small horns on your head.
A weak demonic guardian rushes to your aid.
You are mostly covered in sharp spines.
Scrolls take you a little longer to read.
You are dopey. (Int -2)
You occasionally shout uncontrollably at your foes.


Message History

The black mamba bites you!
The hippogriff is struck by your spines.
The hippogriff bites you. The hippogriff pecks you. The hippogriff claws you.
* * * LOW HITPOINT WARNING * * *
The yak gores you.
* * * LOW HITPOINT WARNING * * *
The yak is struck by your spines. The yak closely misses you.
The black mamba bites you!
* * * LOW HITPOINT WARNING * * *
The yak gores you!
* * * LOW HITPOINT WARNING * * *
You hit the hippogriff. You freeze the hippogriff.
The hippogriff is almost dead.
The black mamba closely misses you. The yak is struck by your spines.
The yak barely misses you. The hippogriff closely misses you.
The hippogriff pecks you but does no damage.
The hippogriff claws you but does no damage.
The yak closely misses you. The yak gores you but does no damage.
The black mamba bites you!
You die...

#..##
#...#
##..##
#....#
##..##
##..P#
#....#
#.HY##
##Y@#
#YS#
#..l#
#P...#
......#
##.#####
##


You could see a komodo dragon, a hippogriff, a black mamba and 3 yaks.

Vanquished Creatures
  Fannar (Lair:1)
  A two-headed ogre (D:9)
  An elephant (D:9)
  A black mamba (Lair:1)
  A komodo dragon (Lair:2)
  A hornet (D:8)
  A hippogriff (Lair:1)
  A hungry ghost (D:9)
  Duvessa (D:6)
  2 porcupines (Lair:2)
  An orc warrior (D:9)
  A sky beast (D:8)
  A phantom (D:8)
  An ice beast (D:6)
  An ogre (D:8)
  A centaur (D:9)
  4 crocodiles
  6 bullfrogs
  3 scorpions
  A wyvern skeleton (D:8)
  8 killer bees
  A howler monkey (D:9)
  4 crimson imps
  2 centaur zombies
  A quasit (D:9)
  4 hounds
  4 jellies
  A gnoll shaman (D:6)
  2 orc priests
  A centaur skeleton (D:4)
  2 iguanas
  Natasha (thrice) (D:3)
  9 worker ants
  A hound zombie (D:7)
  A hound skeleton (D:6)
  4 gnolls
  A howler monkey skeleton (D:2)
  12 adders
  An ooze (D:2)
  A worm (D:6)
  5 leopard geckos
  11 orcs
  6 giant cockroaches
  6 goblins
  9 hobgoblins
  4 jackals
  2 quokkas
  3 ball pythons
  9 bats
  5 frilled lizards
  2 jackal skeletons
  4 kobolds (D:1)
  9 rats
  3 bushes (D:7)
  3 fungi (D:6)
175 creatures vanquished.

Vanquished Creatures (collateral kills)
  A two-headed ogre (D:8)
  A hippogriff (D:9)
  A wyvern (Lair:1)
  5 yaks (D:9)
  Edmund (D:4)
  2 ice beasts
  A killer bee (D:9)
  2 howler monkeys
  A centaur skeleton (D:5)
  2 orc wizards
  An iguana (D:6)
  A worker ant (D:4)
  A hound skeleton (D:9)
  4 gnolls
  2 adders
  7 orcs
  A kobold (D:2)
  A quokka (D:4)
35 creatures vanquished.

Vanquished Creatures (others)
  3 fungi
  4 plants
7 creatures vanquished.

Grand Total: 217 creatures vanquished

Notes
Turn   | Place    | Note
-------+----------+-------------------------------------------
     0 | D:1      | MegaHamster the Demonspawn Chaos Knight began the quest for
                  | the Orb.
     0 | D:1      | Reached XP level 1. HP: 18/18 MP: 1/1
    30 | D:1      | Reached skill level 1 in Dodging
   104 | D:1      | Gained mutation: You are partially covered in sharp spines.
                  | [demonic ancestry]
   104 | D:1      | Reached XP level 2. HP: 18/24 MP: 2/2
   191 | D:1      | Reached skill level 3 in Maces & Flails
   499 | D:1      | XOM: god gift: ration
   676 | D:1      | Gained mutation: A weak demonic guardian rushes to your
                  | aid. [demonic ancestry]
   676 | D:1      | Reached XP level 3. HP: 29/29 MP: 3/3
   720 | D:2      | XOM: harmless Necr miscast
   753 | D:2      | Gained mutation: You have sharp fingernails. [demonic
                  | ancestry]
   753 | D:2      | Reached XP level 4. HP: 15/35 MP: 4/4
   782 | D:2      | XOM: cloud trail
  1026 | D:2      | XOM: god gift: runed ring mail {god gift}
  1040 | D:2      | XOM: god gift: 19 gold pieces
  1130 | D:2      | Reached skill level 4 in Maces & Flails
  1247 | D:2      | XOM: mild Tloc miscast
  1646 | D:3      | XOM: cast spell 'Call Canine Familiar'
  1735 | D:3      | Noticed Natasha
  1741 | D:3      | Killed Natasha
  1741 | D:3      | Gained mutation: You have very sharp fingernails. [demonic
                  | ancestry]
  1741 | D:3      | Reached XP level 5. HP: 34/42 MP: 5/5
  1778 | D:3      | Noticed Natasha
  1783 | D:3      | Killed Natasha
  2028 | D:3      | Noticed Natasha
  2033 | D:3      | XOM: potion effect (invisibility)
  2034 | D:3      | Killed Natasha
  2185 | D:4      | XOM: confusion (+ monsters)
  2190 | D:4      | Noticed Edmund
  2200 | D:4      | Gained mutation: You have claws for hands. [demonic
                  | ancestry]
  2200 | D:4      | Reached XP level 6. HP: 44/48 MP: 6/6
  2201 | D:4      | XOM: summons 6 friendly demons
  2207 | D:4      | Killed Edmund
  2207 | D:4      | Reached skill level 5 in Maces & Flails
  2415 | D:4      | XOM: summons 5 friendly demons
  2452 | D:4      | Reached skill level 1 in Stealth
  2601 | D:4      | XOM: god gift: 40 gold pieces
  2653 | D:4      | XOM: noise
  2667 | D:4      | XOM: harmless Ice miscast
  2673 | D:4      | Gained mutation: You are mostly covered in sharp spines.
                  | [demonic ancestry]
  2673 | D:4      | Reached XP level 7. HP: 52/54 MP: 7/7
  3047 | D:4      | XOM: cloud trail
  3105 | D:4      | You fall into a shaft and drop 1 floor!
  3105 | D:5      | Entered Level 5 of the Dungeon
  3107 | D:5      | XOM: cleaving
  3309 | D:5      | Found a staircase to the Ecumenical Temple.
  3350 | Temple   | Entered the Ecumenical Temple
  3488 | Temple   | XOM: scenery: create altars
  3519 | D:5      | XOM: god gift: glittering iron amulet {god gift}
  3520 | D:5      | Got a glittering iron amulet {god gift}
  3524 | D:5      | Identified the amulet of Idealism {Spirit -Tele rN++ Dex+2}
                  | (Xom gifted it to you on level 5 of the Dungeon)
  3594 | D:5      | XOM: divination: detect creatures
  3847 | D:6      | Found a shimmering altar of Xom.
  3847 | D:6      | Found Jecegaul's Food Emporium.
  3850 | D:6      | XOM: summons 7 friendly demons
  3889 | D:6      | XOM: summons 3 friendly demons
  3918 | D:6      | XOM: god gift: bound silver ring {god gift}
  3921 | D:6      | Got a bound silver ring {god gift}
  3999 | D:6      | Noticed Dowan
  3999 | D:6      | Noticed Duvessa
  4016 | D:6      | Killed Duvessa
  4016 | D:6      | Reached skill level 6 in Maces & Flails
  4016 | D:6      | Noticed Dowan
  4016 | D:6      | Dowan changed into Dowan the worm
  4016 | D:6      | XOM: polymorph Dowan -> Dowan the worm
  4027 | D:6      | Reached XP level 8. HP: 52/61 MP: 6/8
  4028 | D:6      | Killed Dowan the worm
  4046 | D:6      | HP: 3/61 [ice beast (6)]
  4172 | D:7      | XOM: scenery: 1 doors open
  4268 | D:7      | XOM: cloud trail
  4373 | D:6      | XOM: cloud trail
  4724 | D:6      | XOM: god gift: metallic white potion {god gift}
  4808 | D:7      | Found a white marble altar of Elyvilon.
  4965 | D:7      | Reached skill level 5 in Armour
  5396 | D:7      | Found a glowing golden altar of the Shining One.
  5500 | D:7      | Learned a level 2 spell: Poisonous Vapours
  5790 | D:8      | Found Cerach's Antique Weapon Shop.
  5837 | D:8      | Noticed a two-headed ogre
  5841 | D:8      | XOM: destruction
  5844 | D:8      | XOM: enchant monster (bad)
  5849 | D:8      | Reached skill level 5 in Fighting
  6173 | D:8      | XOM: torment (41/62 hp)
  6344 | D:8      | Noticed a hornet
  6350 | D:8      | Paralysed by a hornet for 3 turns
  6352 | D:8      | Killed a hornet
  6352 | D:8      | Reached skill level 7 in Maces & Flails
  6352 | D:8      | Reached XP level 9. HP: 16/68 MP: 2/9
  6463 | D:8      | XOM: summons 8 friendly demons
  6491 | D:8      | XOM: cast spell 'Monstrous Menagerie'
  6502 | D:8      | Killed a two-headed ogre
  7085 | D:8      | XOM: give mutation
  7085 | D:8      | Gained mutation: You have a pair of small horns on your
                  | head. [Xom's grace]
  7115 | D:9      | Found Kepyd's Antique Armour Shoppe.
  7139 | D:9      | Reached skill level 5 in Dodging
  7157 | D:9      | XOM: scenery: 1 fountains blood, 1 doors open, 1 doors
                  | close
  7173 | D:9      | XOM: cleaving
  7174 | D:9      | XOM: cast spell 'Summon Small Mammal'
  7182 | D:9      | XOM: fog
  7190 | D:9      | XOM: smoke on damage
  7202 | D:9      | XOM: cleaving
  7580 | D:9      | Reached skill level 8 in Maces & Flails
  7595 | D:9      | Found Ypsao's Food Shoppe.
  7598 | D:9      | Bought a runed cloak for 217 gold pieces
  7598 | D:9      | Bought a shiny chain mail for 217 gold pieces
  7627 | D:9      | XOM: medium Hex miscast
  7773 | D:9      | Noticed a two-headed ogre
  7778 | D:9      | XOM: scenery: 1 fountains blood, 1 doors close
  7790 | D:9      | Killed a two-headed ogre
  7790 | D:9      | Mutation became permanent: You have a pair of small horns
                  | on your head. [demonic ancestry]
  7790 | D:9      | Gained mutation: You have a pair of small horns on your
                  | head. [demonic ancestry]
  7790 | D:9      | Reached XP level 10. HP: 77/77 MP: 10/10
  7812 | D:9      | Noticed an elephant
  7821 | D:9      | Killed an elephant
  7841 | D:10     | XOM: noise
  7841 | D:10     | Entered Level 10 of the Dungeon
  7841 | D:10     | XOM: silly message
  8114 | D:9      | Found a staircase to the Lair.
  8115 | D:9      | Found Pastree's Antique Armour Boutique.
  8164 | Lair:1   | Entered Level 1 of the Lair of Beasts
  8204 | Lair:1   | Noticed a black mamba
  8217 | Lair:1   | Killed a black mamba
  8353 | Lair:1   | XOM: give mutations
  8353 | Lair:1   | Gained mutation: You are dopey. (Int -2) [Xom's mischief]
  8353 | Lair:1   | Gained mutation: Scrolls take you a little longer to read.
                  | [Xom's mischief]
  8353 | Lair:1   | Gained mutation: You occasionally shout uncontrollably at
                  | your foes. [Xom's mischief]
  8385 | Lair:1   | XOM: harmless Tmut miscast
  8693 | Lair:1   | XOM: potion effect (brilliance)
  8749 | Lair:1   | Noticed Fannar
  8771 | Lair:1   | Killed Fannar
  8771 | Lair:1   | Reached skill level 5 in Stealth
  8978 | Lair:1   | XOM: harmless Summ miscast
  9069 | Lair:1   | XOM: divination: magic mapping
  9200 | Lair:1   | You fall into a shaft and drop 1 floor!
  9547 | Lair:2   | Reached skill level 9 in Maces & Flails
  9802 | Lair:2   | XOM: summons 3 hostile shadow creatures
  9804 | Lair:2   | Noticed a black mamba
  9804 | Lair:2   | a yak changed into a black mamba
  9809 | Lair:2   | Mangled by a black mamba

Levels and vault maps discovered:
D:1:      nzn_arrival_crosshair, layout_loops_ring, minmay_door_square
D:2:      layout_basic, first_ration, kennysheep_generic_room_11
D:3:      layout_basic, uniq_natasha
D:4:      layout_loops_cross, minmay_pentomino_pile, uniq_edmund
D:5:      layout_cave_pools, minmay_temple_entry_slanted,
          small_statue_intersection, grunt_decor_mini_mirrors
D:6:      layout_basic, basic_altar, gammafunk_ghost_mausoleum, serial_shops,
          shop, grunt_ministairs_15, uniq_duvessa, uniq_crazy_yiuf_cottage
D:7:      layout_basic, elyvilon_altar_1, nicolae_tso_carved_into_rock
D:8:      layout_loops_cross, serial_shops, shop
D:9:      layout_gridville, david_lair_generic, serial_shops,
          nicolae_shop_overgrown_old_shop, nicolae_shop_crystal, shop_fountains,
          shop, shop
D:10:     layout_long_grid, serial_shops, shop_statue, grunt_pizzeria,
          uniq_sonja
Temple:   regret_index_temple_sigil_plot
Lair:1:   layout_concentric_octagons, infiniplex_staircase_pool,
          grunt_megastairs_4, uniq_fannar
Lair:2:   beast_lair_carwin_large_1, layout_long_grid,
          chequers_serial_rivers_room_a, serial_bayou_shore_b,
          lemuel_fruit_tree, lemuel_fruit_fields

Skill      XL: |  1  2  3  4  5  6  7  8  9 10 |
---------------+-------------------------------+-----
Dodging        | 1 2 3 4 5 6 |  6.1
Maces & Flails | 3 4 5 6 7 8 9 |  9.0
Armour         | 2 3 4 5 7 |  7.8
Fighting       | 4 5 6 7 |  7.2
Stealth        | 1 3 4 5 |  5.3

Action                   |  1- 3 |  4- 6 |  7- 9 | 10-12 || total
-------------------------+-------+-------+-------+-------++-------
Melee: Mace              |    63 |    99 |   391 |    69 ||   622
       Headbutt          |       |       |    10 |    15 ||    25
  Use: Potion            |       |     1 |     4 |       ||     5
 Stab: Paralysed         |       |     1 |     2 |       ||     3
       Distracted        |       |     2 |       |     2 ||     4
       Sleeping          |       |       |     1 |     1 ||     2
       Confused          |       |       |     1 |       ||     1
       Petrified         |       |       |     1 |       ||     1
  Eat: Ration            |       |     1 |     6 |     1 ||     8
       Chunk             |       |     2 |     1 |     1 ||     4
Armor: Leather armour    |    41 |     4 |       |       ||    45
       Ring mail         |       |    25 |   117 |    28 ||   170
       Chain mail        |       |       |     2 |       ||     2
Dodge: Dodged            |    55 |    53 |   161 |    62 ||   331
